 Dungeon Crawl Stone Soup version 0.29.1-12-g30fa7ad0bf (webtiles) character file.

Game seed: 4657079521197134739

718 Descartes the Ruffian (level 7, 0/67 HPs)
             Began as a Troll Warper on Dec 16, 2022.
             Was an Initiate of Gozag.
             Slain by an ogre
             ... wielding a +0 giant club
              (14 damage)
             ... on level 5 of the Dungeon.
             The game lasted 00:09:12 (3244 turns).

Descartes the Ruffian (Troll Warper)                Turns: 3244, Time: 00:09:13

Health: 0/67       AC:  8    Str: 22    XL:     7   Next: 42%
Magic:  9/9        EV:  9    Int:  9    God:    Gozag
Gold:   60         SH:  0    Dex:  9    Spells: 11/11 levels left

rFire   . . .      SeeInvis .     - Unarmed
rCold   . . .      Faith    .   (no shield)
rNeg    . . .      Spirit   .   a - +0 robe
rPois   .          Reflect  .   (helmet restricted)
rElec   .          Harm     .   (no cloak)
rCorr   .          Rampage  .   (gloves unavailable)
Will    .....                   (boots unavailable)
Stlth   +.........              j - amulet of the acrobat
HPRegen 1.01/turn               k - +4 ring of protection
MPRegen 0.11/turn               (no ring)

@: no status effects
A: large, unfitting armour, claws 3, regeneration 1, shaggy fur 1, tough skin 1
a: Renounce Religion, Potion Petition, Call Merchant, Bribe Branch


You were on level 5 of the Dungeon.
You worshipped Gozag.
Gozag was noncommittal.
You visited 2 branches of the dungeon, and saw 6 of its levels.

You collected 295 gold pieces.
You spent 160 gold pieces at shops.
You paid 75 gold pieces to Gozag.

Inventory:

Missiles
 c - 7 boomerangs of dispersal (quivered)
 i - 35 stones
 n - 3 large rocks
Armour
 a - a +0 robe (worn)
 B - a +2 cloak
Jewellery
 j - an amulet of the acrobat (around neck)
 k - a +4 ring of protection (left claw)
 x - a ring of magical power
Wands
 A - a wand of acid (3)
Scrolls
 b - a scroll of blinking
 d - a scroll of amnesia {unknown}
 e - 4 scrolls of teleportation
 f - a scroll of brand weapon {unknown}
 h - 2 scrolls of fog {unknown}
 l - a scroll of vulnerability {unknown}
 m - 3 scrolls of identify {unknown}
 s - a scroll of immolation {unknown}
 y - a scroll of poison {unknown}
Potions
 g - 2 potions of brilliance {unknown}
 o - 3 potions of resistance {unknown}
 p - a potion of curing
 q - a potion of ambrosia {unknown}
 r - 2 potions of haste
 t - a potion of attraction {unknown}
 u - a potion of invisibility {unknown}
 v - a potion of might {unknown}
 w - a potion of lignification
 z - a potion of berserk rage {unknown}


   Skills:
 + Level 3.4 Fighting
 - Level 0.9 Throwing
 + Level 2.6 Armour
 - Level 1.9 Dodging
 + Level 4.0 Unarmed Combat
 + Level 2.5 Spellcasting
 + Level 3.5 Translocations


You had 11 spell levels left.
You didn't know any spells.
Your spell library contained the following spells:

 Spells                   Type           Power      Damage    Failure   Level
 Blink                    Tloc           14%        N/A       11%         2
 Gell's Gravitas          Tloc           7%         N/A       22%         3
 Lesser Beckoning         Tloc           7%         N/A       22%         3
 Teleport Other           Tloc           7%         N/A       22%         3
 Sublimation of Blood     Necr           1%         N/A       43%         2
 Wereblood                Tmut           1%         N/A       43%         2
 Manifold Assault         Tloc           7%         N/A       90%         5
 Petrify                  Tmut/Erth      1%         N/A       97%         4
 Irradiate                Conj/Tmut      0%         3d11      100%        5
 Summon Hydra             Summ           0%         N/A       100%        7


Dungeon Overview and Level Annotations

Branches:
Dungeon (5/15)             Temple (1/1) D:4

Altars:
Ashenzari
Cheibriados
Dithmenos
Elyvilon
Fedhas
Gozag
Kikubaaqudgha
Makhleb
Nemelex Xobeh
Qazlal
Ru
Sif Muna
Trog
Uskayaw
Vehumet
Wu Jian
Xom
Yredelemnul
The Shining One

Shops:
D:3 :   D:4 !


Innate Abilities, Weirdness & Mutations

You are too large for most types of armour.
You have claws for hands.
Your natural rate of healing is unusually fast.
You are covered in fur. (AC +1)
You have tough skin. (AC +1)


Message History

Blork the orc hits you with a +1 halberd of venom.
You are poisoned.
You barely miss Blork the orc.
Blork the orc is moderately wounded.
You feel very sick.
Blork the orc hits you but does no damage.
You claw Blork the orc!
Blork the orc is heavily wounded.
You feel sick.
Blork the orc hits you with a +1 halberd of venom!
Blork the orc hits you but does no damage.
You claw Blork the orc!
Blork the orc is almost dead.
You feel sick.
Blork the orc frowns.
Blork the orc hits you with a +1 halberd of venom.
* * * LOW HITPOINT WARNING * * *
You are more poisoned.
You claw Blork the orc!
You kill Blork the orc!
* * * LOW HITPOINT WARNING * * *
You feel very sick.
Your Unarmed Combat skill increases to level 4!
You feel better. The ogre closely misses you. The ogre closely misses you.
The ogre misses you. The ogre completely misses you.
The ogre completely misses you. The ogre closely misses you.
The ogre barely misses you. The ogre hits you with a +0 giant club!
* * * LOW HITPOINT WARNING * * *
The ogre completely misses you.
You claw the ogre!
The ogre is heavily wounded.
You barely miss the ogre. You claw the ogre.
The ogre is severely wounded.
The ogre hits you with a +0 giant club!
You die...
Your body crumbles into a pile of gold.

.#...##.. .......
#....# #...# ## #
#...# ##.## .# +...#
#...## ..# #.>.######
#....# ...##..$.....#
#....#
....#$.......###@...#
..#$...........O....#
..$............#...##
..##.(.........#####
..#.......######
..#.#...### ....#>:.#
..###.### .. #.#


You could see an ogre.

Vanquished Creatures
  Eustachio (D:5)
  Menkaure (D:5)
  A phantom (D:4)
  Blork the orc (D:5)
  A howler monkey (D:5)
  2 hounds
  Natasha (thrice) (D:2)
  An orc wizard (D:5)
  6 adders
  2 dart slugs
  5 orcs
  2 endoplasms
  2 giant cockroaches
  7 hobgoblins
  3 quokkas (D:1)
  3 ball pythons
  5 bats
  3 frilled lizards
  6 goblins
  4 kobolds
  2 rats
61 creatures vanquished.

Notes
Turn   | Place    | Note
-------+----------+-------------------------------------------
     0 | D:1      | Descartes the Troll Warper began the quest for the Orb.
     0 | D:1      | Reached XP level 1. HP: 19/19 MP: 1/1
   198 | D:1      | Found a faded altar of an unknown god.
   210 | D:1      | Prayed at the altar of an unknown god.
   210 | D:1      | Became a worshipper of Sif Muna the Loreminder
   210 | D:1      | Reached * piety under Sif Muna
   295 | D:1      | Fell from the grace of Sif Muna
   375 | D:1      | Reached XP level 2. HP: 23/28 MP: 3/3
   976 | D:2      | Reached XP level 3. HP: 35/35 MP: 4/4
  1141 | D:2      | Noticed Natasha
  1153 | D:2      | Killed Natasha
  1208 | D:2      | Noticed Natasha
  1222 | D:2      | Killed Natasha
  1223 | D:2      | Reached XP level 4. HP: 34/42 MP: 5/5
  1285 | D:2      | Reached skill level 1 in Armour
  1365 | D:2      | Noticed Natasha
  1378 | D:2      | Killed Natasha
  1776 | D:3      | Found Calittirr's Book Shop.
  1876 | D:3      | Reached XP level 5. HP: 47/50 MP: 6/6
  1911 | D:3      | Found a broken altar of Ashenzari.
  2344 | D:4      | Found a staircase to the Ecumenical Temple.
  2377 | Temple   | Entered the Ecumenical Temple
  2501 | Temple   | Became a worshipper of Gozag Ym Sagoz the Greedy
  2565 | D:4      | Found a stormy altar of Qazlal.
  2672 | D:4      | Found Donuskua's Distillery.
  2686 | D:4      | Bought a potion of curing for 30 gold pieces
  2686 | D:4      | Bought a potion of haste for 100 gold pieces
  2686 | D:4      | Bought a potion of lignification for 30 gold pieces
  2715 | D:4      | Reached skill level 3 in Unarmed Combat
  2821 | D:4      | Identified the +1 leather armour of Nihilism {Regen+ Str+6}
  2961 | D:4      | Found a shadowy altar of Dithmenos.
  2961 | D:4      | Found a glowing golden altar of the Shining One.
  2997 | D:5      | Entered Level 5 of the Dungeon
  2997 | D:5      | Noticed Blork the orc
  2997 | D:5      | Noticed an orc warrior
  2997 | D:5      | Noticed a phantom
  3048 | D:4      | Killed a phantom
  3049 | D:4      | Reached XP level 6. HP: 40/59 MP: 6/8
  3108 | D:5      | Noticed Eustachio
  3143 | D:5      | Killed Eustachio
  3175 | D:5      | Noticed Menkaure
  3182 | D:5      | Killed Menkaure
  3183 | D:5      | Reached XP level 7. HP: 43/67 MP: 9/9
  3229 | D:5      | Killed Blork the orc
  3230 | D:5      | Reached skill level 4 in Unarmed Combat
  3244 | D:5      | Slain by an ogre

Illustrated notes

Levels and vault maps discovered:
D:1:      nzn_arrival_water_spiral, layout_basic,
          chequers_ecumenical_altar_simple_redux, dk_noncrumbling_4,
          minmay_misc_feat_ornament, minmay_misc_feat_more_columns, st_stairs_6
D:2:      layout_loops_ring, serial_glass, glass_columns_a, glass_columns_c,
          due_unseen_surprise, uniq_natasha
D:3:      layout_rooms, mainiacjoe_overflow_24_doors, serial_shops,
          nicolae_square_shop, minmay_misc_feat_encased
D:4:      layout_cave_pools, nicolae_qazlal_general_emergency,
          gammafunk_temple_overflow_elements, minmay_temple_entry_tees,
          serial_shops, shop_fountains
D:5:      layout_rooms, nicolae_ossuary_entry_giza, hex_large,
          uniq_crazy_yiuf_cottage, uniq_eustachio, uniq_menkaure,
          uniq_blork_the_orc
Temple:   nicolae_temple_two_arcs

Skill      XL: |  1  2  3  4  5  6  7 |
---------------+----------------------+-----
Fighting       | 2 3 |  3.4
Armour         | 1 2 |  2.6
Unarmed Combat | 3 4 |  4.0
Spellcasting   | 2 |  2.5
Translocations | 3 |  3.5
Throwing       | |  0.9
Dodging        | |  1.9

Action                   |  1- 3 |  4- 6 |  7- 9 || total
-------------------------+-------+-------+-------++-------
Melee: Unarmed           |    83 |   131 |    26 ||   240
       Punch             |     1 |     2 |     1 ||     4
Invok: Renounce Religion |     1 |       |       ||     1
  Use: Scroll            |       |     1 |       ||     1
       Potion            |       |       |     2 ||     2
 Stab: Sleeping          |     1 |       |       ||     1
Armor: Robe              |    28 |    92 |     8 ||   128
Dodge: Dodged            |    37 |   106 |    28 ||   171
